 Dungeon Crawl Stone Soup version 0.22-a0-618-gd6a3efe (webtiles) character file.

52 sking99 the Ruffian (level 3, -2/37 HPs)
             Began as an Ogre Transmuter on July 13, 2018.
             Slain by an adder (3 damage)
             ... on level 2 of the Dungeon.
             The game lasted 00:03:27 (1741 turns).

sking99 the Ruffian (Ogre Transmuter)               Turns: 1741, Time: 00:03:28

Health: -2/37      AC:  3    Str: 14    XL:     3   Next: 85%
Magic:  0/6        EV: 10    Int: 14    God:
Gold:   88         SH:  0    Dex: 10    Spells: 0/6 levels left

rFire    . . .     SeeInvis .     - Unarmed
rCold    . . .     Gourm    .   (no shield)
rNeg     . . .     Faith    .   b - +0 robe
rPois    .         Spirit   .   (helmet restricted)
rElec    .         Reflect  .   (no cloak)
rCorr    .         Harm     .   (gloves unavailable)
MR       .....                  (boots unavailable)
Stlth    +.........             (no amulet)
HPRegen  0.12/turn              (no ring)
MPRegen  0.10/turn              (no ring)

@: lethally poisoned (-2 -> -5)
A: large, unfitting armour, tough skin 1
a: no special abilities


You were on level 2 of the Dungeon.
You were not hungry.

You visited 1 branch of the dungeon, and saw 2 of its levels.

You collected 88 gold pieces.

Inventory:

Missiles
 a - 81 arrows
Armour
 b - a +0 robe (worn)
Jewellery
 l - an uncursed amulet of the gourmand {unknown}
Scrolls
 c - a scroll of teleportation {unknown}
 f - a scroll of blinking {unknown}
 h - a scroll of fear {unknown}
 i - a scroll of remove curse {unknown}
 k - 2 scrolls of identify {unknown}
Potions
 e - a potion of curing {unknown}
 m - a potion of haste {unknown}
Comestibles
 d - a ration
 g - 3 chunks of flesh


   Skills:
 - Level 3.0 Fighting
 - Level 1.7 Dodging
 * Level 3.5 Unarmed Combat
 - Level 2.4 Spellcasting
 + Level 2.0 Transmutations
 + Level 0.4 Poison Magic


You couldn't memorise any spells.
You knew the following spells:

 Your Spells              Type           Power        Failure   Level  Hunger
a - Beastly Appendage     Tmut           #.....       10%         1    #......
b - Sticks to Snakes      Tmut           #.......     16%         2    ###....
c - Spider Form           Tmut/Pois      #.........   38%         3    ###....

Your spell library contained the following spells:

 Spells                   Type           Power        Failure   Level  Hunger
 Blade Hands              Tmut           #.........   95%         5    ######.
 Ice Form                 Ice/Tmut       #.......     83%         4    #####..


Dungeon Overview and Level Annotations

Branches:
Dungeon (2/15)

Altars:


Innate Abilities, Weirdness & Mutations

You are too large for most types of armour.
You have tough skin. (AC +1)


Message History

The hobgoblin hits you but does no damage.
The adder barely misses you. The goblin hits you with a dagger.
* * * LOW HITPOINT WARNING * * *
You miss the adder. Your headbutt misses the adder.
The adder is moderately wounded.
The adder bites you.
* * * LOW HITPOINT WARNING * * *
You are more poisoned.
The adder poisons you! The hobgoblin closely misses you.
The goblin hits you with a dagger.
* * * LOW HITPOINT WARNING * * *
It was a potion of cancellation.
Your magical effects are unravelling.
You feel magically purged.
Your magical contamination has completely faded away.
Your horns disappear.
The adder barely misses you. The hobgoblin hits you with a club.
* * * LOW HITPOINT WARNING * * *
The adder bites you.
You die...

..... #.....
..... ####....#
..g.. ........#
.... ....?...#
####..
..?...$.####...#
...............##
...............g#
............#.S@#
............#.g.#
............+...+
............#...+
....####....#....
#### #....#.....
...
###....#......
....+...####.....
....###.##


You could see an adder, a hobgoblin and a goblin.

Vanquished Creatures
  2 adders (D:2)
  2 dart slugs (D:1)
  2 giant cockroaches (D:1)
  2 goblins
  6 hobgoblins (D:1)
  2 bats (D:1)
  9 frilled lizards (D:1)
  5 kobolds
  2 rats
32 creatures vanquished.

Notes
Turn   | Place    | Note
-------+----------+-------------------------------------------
     0 | D:1      | sking99 the Ogre Transmuter began the quest for the Orb.
     0 | D:1      | Reached XP level 1. HP: 19/19 MP: 3/3
   570 | D:1      | Reached XP level 2. HP: 28/28 MP: 3/5
  1085 | D:1      | Reached XP level 3. HP: 36/36 MP: 4/6
  1235 | D:1      | Learned a level 2 spell: Sticks to Snakes
  1449 | D:1      | Learned a level 3 spell: Spider Form
  1741 | D:2      | HP: 1/37 [hobgoblin/club (2)]
  1741 | D:2      | Slain by an adder

Vault maps used:
D:1:      sevenhm_arrival_forest_fort_small_4, minmay_lizard_pond
D:2:      bloody_trog

Skill      XL: |  1  2  3 |
---------------+----------+-----
Fighting       | 2 3 |  3.0
Unarmed Combat | 3 |  3.5
Transmutations | 2 |  2.0
Dodging        | |  1.7
Spellcasting   | |  2.4
Poison Magic   | |  0.4

Action                   || total
-------------------------++-------
Melee: Unarmed           ||   119
       Headbutt          ||     4
       Kick              ||     6
       Punch             ||     1
 Cast: Beastly Appendage ||    15
  Use: Potion            ||     1
  Eat: Chunk             ||     3
Armor: Robe              ||    28
Dodge: Dodged            ||    74

Table legend:
 A = Spawn XP
 B = Non-spawn XP
 C = Spawn XP percentage of total XP
 D = Spawn monster count
 E = Non-spawn monster count
 F = Spawn count percentage of total count
 G = Total turns spent on level
                    A         B        C        D         E        F      G
               +---------+---------+-------+---------+---------+-------+---------
         Total |       0 |      75 |   0.0 |       0 |      32 |   0.0 |  1741
               +---------+---------+-------+---------+---------+-------+---------
           D:1 |       0 |      42 |   0.0 |       0 |      26 |   0.0 |  1450
           D:2 |       0 |      33 |   0.0 |       0 |       6 |   0.0 |   291
               +---------+---------+-------+---------+---------+-------+---------
